 Dungeon Crawl Stone Soup version 0.24-a0-779-g36f0aeb (webtiles) character file.

Game seed: 7176222605968775473, levelgen mode: deterministic

651 2tousent the Sneak (level 7, 0/52 HPs)
             Began as a Formicid Fighter on Oct 7, 2019.
             Was a Follower of Uskayaw.
             Slain by an ogre
             ... wielding a +0 giant club
              (18 damage)
             ... on level 5 of the Dungeon.
             The game lasted 00:10:44 (3610 turns).

2tousent the Sneak (Formicid Fighter)               Turns: 3610, Time: 00:10:45

Health: 0/52       AC:  9    Str: 21    XL:     7   Next: 83%
Magic:  6/10       EV:  8    Int:  7    God:    Uskayaw [*.....]
Gold:   222        SH:  9    Dex: 12    Spells: 6/6 levels left

rFire    . . .     SeeInvis +   E - +1 dagger (holy)
rCold    . . .     Gourm    .   c - +0 shield
rNeg     . . .     Faith    +   b - +0 scale mail
rPois    .         Spirit   .   (helmet unavailable)
rElec    .         Reflect  .   (no cloak)
rCorr    .         Harm     .   s - +0 pair of gloves
MR       .....                  g - +0 pair of boots
Stlth    ++........             k - amulet of faith
HPRegen  0.17/turn              t - +1 ring of evasion
MPRegen  0.12/turn              (no ring)

@: no status effects
A: permanent stasis, dig shafts and tunnels, four strong arms, antennae 3
a: Dig, Shaft Self, Stomp, Renounce Religion


You were on level 5 of the Dungeon.
You worshipped Uskayaw.
Uskayaw was noncommittal.
You were very hungry.

You visited 1 branch of the dungeon, and saw 5 of its levels.

You collected 222 gold pieces.

Inventory:

Hand Weapons
 a - a +0 rapier
 E - a +1 dagger of holy wrath (weapon)
Missiles
 r - 2 throwing nets (quivered)
Armour
 b - a +0 scale mail (worn)
 c - a +0 shield (worn)
 g - a +0 pair of boots (worn)
 s - a +0 pair of gloves (worn)
Jewellery
 k - an amulet of faith (around neck)
 n - an uncursed amulet of the acrobat
 t - a +1 ring of evasion (left hand)
Wands
 m - a wand of random effects (17)
 o - a wand of enslavement (3)
 u - a wand of acid (8)
Scrolls
 D - a scroll of identify
Potions
 d - 3 potions of might
 e - a potion of degeneration
 h - a potion of heal wounds {unknown}
 i - 2 potions of haste {unknown}
 j - 4 potions of curing {unknown}
 l - 2 potions of cancellation {unknown}
 p - a potion of invisibility {unknown}
 q - a potion of resistance {unknown}
 x - a potion of lignification {unknown}
 z - a potion of flight {unknown}
 B - a potion of brilliance {unknown}
Comestibles
 f - 12 rations


   Skills:
 - Level 3.2 Fighting
 * Level 5.2 Short Blades
 - Level 3.2 Armour
 * Level 6.0 Stealth
 - Level 3.6 Shields
 * Level 4.6 Invocations


You had 6 spell levels left.
You didn't know any spells.
Your spell library was empty.

Dungeon Overview and Level Annotations

Branches:
Dungeon (5/15)             Temple (0/1) D:4

Altars:
Dithmenos
Kikubaaqudgha
Okawaru
Trog
Uskayaw


Innate Abilities, Weirdness & Mutations

You cannot be hasted, slowed, berserked, paralysed or teleported.
You can dig through walls and to a lower floor.
Your four strong arms can wield two-handed weapons with a shield.
You have a pair of large antennae on your head. (SInv)


Message History

The ogre is heavily wounded.
The ogre barely misses you.
You hit the ogre.
The ogre is severely wounded.
You block the ogre's attack.
You can now pass through a line of other dancers.
You barely miss the ogre.
The ogre is severely wounded.
Aiming: Line Pass
Press: ? - help, Dir - move target cursor The ogre appears confused.
You feel somewhat more hungry.
You can no longer pass through a line of other dancers.
Found a ring mail.
The ogre hits you with a +0 giant club!
You are feeling very hungry.
You hit the ogre.
The ogre is severely wounded.
The ogre seems less confused.
The ogre hits you with a +0 giant club!!
You die...

#....# #....#####
#......... #.....#
#.....# #. #.
#.##..########.##.
#.##.........#..#. #
#O##.....)...##.#.
#.#@.#.........# ...
#..............# #..
###.#..........###..
...................
.#.#...#...........
....#...#........<..
##
#.#...#...........
#.# ..#...........
... [#......?....


You could see an ogre.

Vanquished Creatures
  A phantom (D:4)
  An ogre (D:4)
  A scorpion (D:4)
  A hound (D:2)
  An orc priest (D:4)
  Ijyb (D:3)
  Terence (D:2)
  Jessica (D:3)
  A worker ant (D:4)
  Natasha (thrice) (D:3)
  A hound skeleton (D:4)
  Robin (D:2)
  5 adders
  2 worms
  2 dart slugs (D:1)
  A leopard gecko (D:4)
  13 orcs (D:4)
  3 ball pythons (D:2)
  3 giant cockroaches
  13 hobgoblins
  2 jackals (D:1)
  8 kobolds
  3 quokkas
  5 bats
  4 frilled lizards
  14 goblins
  2 leopard gecko skeletons
  10 rats
104 creatures vanquished.

Notes
Turn   | Place    | Note
-------+----------+-------------------------------------------
     0 | D:1      | 2tousent the Formicid Fighter began the quest for the Orb.
     0 | D:1      | Reached XP level 1. HP: 18/18 MP: 1/1
    29 | D:1      | Reached skill level 1 in Stealth
    54 | D:1      | Reached XP level 2. HP: 19/24 MP: 2/2
   236 | D:1      | Reached skill level 2 in Stealth
   275 | D:1      | Reached XP level 3. HP: 29/29 MP: 3/3
   739 | D:2      | Found a hide-covered altar of Uskayaw.
   739 | D:2      | Noticed Robin
   762 | D:2      | Killed Robin
   762 | D:2      | Reached skill level 3 in Stealth
   762 | D:2      | Reached XP level 4. HP: 28/35 MP: 4/4
   782 | D:2      | Became a worshipper of Uskayaw the Reveler
   872 | D:2      | Reached * piety under Uskayaw
   901 | D:2      | Reached skill level 1 in Invocations
   901 | D:2      | Reached ** piety under Uskayaw
   904 | D:2      | Noticed Terence
   917 | D:2      | Killed Terence
   917 | D:2      | Reached XP level 5. HP: 35/41 MP: 0/6
  1088 | D:2      | Found an ancient bone altar of Kikubaaqudgha.
  1138 | D:2      | Reached *** piety under Uskayaw
  1214 | D:2      | Reached skill level 4 in Stealth
  1784 | D:3      | Noticed Natasha
  1796 | D:3      | Killed Natasha
  1796 | D:3      | Reached XP level 6. HP: 44/47 MP: 7/7
  1872 | D:3      | Noticed Natasha
  1879 | D:3      | Killed Natasha
  1942 | D:3      | Noticed Natasha
  1960 | D:3      | Killed Natasha
  2066 | D:3      | Found a bloodstained altar of Trog.
  2066 | D:3      | Found a shadowy altar of Dithmenos.
  2235 | D:3      | Noticed Ijyb
  2272 | D:3      | Killed Ijyb
  2320 | D:3      | Noticed Jessica
  2326 | D:3      | Killed Jessica
  2519 | D:4      | Noticed a phantom
  2528 | D:4      | Reached skill level 5 in Stealth
  2530 | D:4      | Reached **** piety under Uskayaw
  2532 | D:4      | Reached ***** piety under Uskayaw
  2552 | D:4      | Killed a phantom
  2552 | D:4      | Reached XP level 7. HP: 28/52 MP: 2/9
  2680 | D:4      | Found a staircase to the Ecumenical Temple.
  2686 | D:4      | Found an iron altar of Okawaru.
  2782 | D:4      | Reached skill level 5 in Short Blades
  3103 | D:4      | Reached skill level 6 in Stealth
  3558 | D:5      | Entered Level 5 of the Dungeon
  3610 | D:5      | Slain by an ogre

Levels and vault maps discovered:
D:1:      mrwooster_arrival_statue_2, layout_basic
D:2:      layout_basic, nicolae_overflow_crystal_walls, lemuel_doored_altar,
          minmay_tree_intersection, uniq_robin, uniq_terence
D:3:      layout_basic, gammafunk_temple_overflow_pools, uniq_natasha,
          uniq_jessica, uniq_ijyb
D:4:      layout_loops_ring, okawaru_trees_2, minmay_temple_entry_hall
D:5:      layout_basic, first_ration

Skill      XL: |  1  2  3  4  5  6  7 |
---------------+----------------------+-----
Stealth        | 1 2 3 4 5 6 |  6.0
Short Blades   | 3 4 5 |  5.2
Invocations    | 1 2 3 4 |  4.6
Fighting       | |  3.2
Armour         | |  3.2
Shields        | |  3.6

Action                   |  1- 3 |  4- 6 |  7- 9 || total
-------------------------+-------+-------+-------++-------
Melee: Rapier            |    89 |   232 |    58 ||   379
       Dagger            |       |       |    47 ||    47
Invok: Line Pass         |       |     2 |     2 ||     4
       Stomp             |       |     1 |     3 ||     4
  Use: Scroll            |     1 |     1 |     5 ||     7
 Stab: Paralysed         |       |     3 |       ||     3
       Sleeping          |       |     1 |     1 ||     2
  Eat: Chunk             |       |     6 |     4 ||    10
Armor: Scale mail        |    34 |    63 |    23 ||   120
Dodge: Dodged            |    30 |    55 |    29 ||   114
Block: Shield            |    51 |   101 |    32 ||   184

Table legend:
 A = Non-vault XP
 B = Vault XP
 C = Vault XP percentage of total XP
 D = Non-vault monster count
 E = Vault monster count
 F = Vault count percentage of total count
                 A         B        C        D         E       F
            +---------+---------+-------+---------+---------+-------
      Total |     746 |     184 |  19.8 |      89 |      15 |  14.4
            +---------+---------+-------+---------+---------+-------
        D:1 |      46 |       0 |   0.0 |      28 |       0 |   0.0
        D:2 |     119 |      73 |  38.0 |      25 |      12 |  32.4
        D:3 |      87 |     111 |  56.1 |      10 |       3 |  23.1
        D:4 |     493 |       0 |   0.0 |      25 |       0 |   0.0
        D:5 |       1 |       0 |   0.0 |       1 |       0 |   0.0
            +---------+---------+-------+---------+---------+-------
